 Dungeon Crawl Stone Soup version 0.30-a0-779-g7971cf19c3 (webtiles) character file.

Game seed: 16180658540254296212

494 Strat the Cudgeller (level 7, -3/48 (56) HPs)
             Began as a Gnoll Reaver on Feb 17, 2023.
             Slain by a sky beast (5 damage)
             ... on level 4 of the Dungeon.
             The game lasted 00:06:32 (3454 turns).

Strat the Cudgeller (Gnoll Reaver)                  Turns: 3454, Time: 00:06:32

HP:   -3/48 (56)    AC:  3    Str: 14    XL:     7   Next: 15%
MP:   15/15         EV: 13    Int: 12    God:
Gold: 131           SH:  0    Dex: 10    Spells: 14/17 levels left

rFire   + . .      SeeInvis .    a - +0 flail (drain)
rCold   . . .      Faith    .    (no shield)
rNeg    . . .      Spirit   .    b - +0 leather armour
rPois   .          Reflect  +    (no helmet)
rElec   .          Harm     .    (no cloak)
rCorr   .          Rampage  .    (no gloves)
Will    .....                    (no boots)
Stlth   +                        l - amulet of reflection
HPRegen 0.28/turn                f - ring of protection from fire
MPRegen 0.14/turn                (no ring)

@: confused, ambrosia-drunk, very slightly contaminated, heavily drained
A: fangs 1, strong nose, distributed training
a: no special abilities


You were on level 4 of the Dungeon.
You visited 1 branch of the dungeon, and saw 4 of its levels.

You collected 131 gold pieces.

Inventory:

Hand Weapons
 a - a +0 flail of draining (weapon)
Missiles
 q - 5 javelins
 t - 3 poisoned darts
Armour
 b - a +0 leather armour (worn)
Jewellery
 f - a ring of protection from fire (left hand)
 l - an amulet of reflection (around neck)
Scrolls
 d - a scroll of fear
 m - a scroll of silence {unknown}
 o - a scroll of teleportation {unknown}
 r - a scroll of torment {unknown}
Potions
 c - a potion of curing {unknown}
 h - a potion of degeneration
 j - 2 potions of brilliance
 n - a potion of invisibility
 p - a potion of cancellation
 s - a potion of flight
 u - a potion of berserk rage {unknown}


   Skills:
 + Level 5.2 Fighting
 + Level 2.4 Short Blades
 + Level 2.4 Long Blades
 + Level 2.4 Axes
 + Level 7.0 Maces & Flails
 + Level 2.4 Polearms
 + Level 2.4 Staves
 + Level 2.4 Ranged Weapons
 + Level 2.4 Throwing
 + Level 2.4 Armour
 + Level 5.2 Dodging
 + Level 2.4 Stealth
 + Level 2.4 Shields
 + Level 2.4 Unarmed Combat
 + Level 5.6 Spellcasting
 + Level 5.8 Conjurations
 + Level 2.0 Hexes
 + Level 2.0 Summonings
 + Level 2.0 Necromancy
 + Level 2.0 Translocations
 + Level 2.0 Transmutations
 + Level 2.0 Fire Magic
 + Level 2.0 Ice Magic
 + Level 2.0 Air Magic
 + Level 2.0 Earth Magic
 + Level 2.0 Poison Magic
 + Level 2.6 Invocations
 + Level 2.4 Evocations


You had 14 spell levels left.
You knew the following spells:

 Your Spells              Type           Power      Damage    Failure   Level
a - Kiss of Death         Conj/Necr      48%        2d9       4%          1
b - Momentum Strike       Conj/Tloc      24%        3d8       7%          2

Your spell library contained the following spells:

 Spells                   Type           Power      Damage    Failure   Level
 Shock                    Conj/Air       48%        1d6       4%          1
 Hailstorm                Conj/Ice       12%        3d5       14%         3
 Ozocubu's Armour         Ice            8%         N/A       30%         3
 Swiftness                Air            8%         N/A       30%         3
 Airstrike                Air            4%         2d(1-17)  71%         4
 Ozocubu's Refrigeration  Ice            4%         4d8       100%        7


Dungeon Overview and Level Annotations

Branches:
Dungeon (4/15)
 Temple: D:4-7

Altars:
Cheibriados
Yredelemnul


Innate Abilities, Weirdness & Mutations

You have very sharp teeth.
Your uncanny sense of smell can sniff out nearby items.
Your experience applies equally to all skills.


Message History

Confirm with . or Enter, or press ? or * to list all spells.
You can't see any susceptible monsters within range! (Use Z to cast anyway.)
Casting: Momentum Strike (safe; 7% risk of failure)
Confirm with . or Enter, or press ? or * to list all spells.
Aiming: Kiss of Death (safe; 4% risk of failure)
Press: ? - help, Shift-Dir - straight line The negative energy hits something!
You feel drained. Something hits you but does no damage.
You barely miss something. Something hits you.
* * * LOW HITPOINT WARNING * * *
Something shocks you.
* * * LOW HITPOINT WARNING * * *
Casting: Kiss of Death (safe; 4% risk of failure)
Confirm with . or Enter, or press ? or * to list all spells.
You can't see any susceptible monsters within range! (Use Z to cast anyway.)
Casting: Kiss of Death (safe; 4% risk of failure)
Confirm with . or Enter, or press ? or * to list all spells.
Aiming: Momentum Strike (safe; 7% risk of failure)
Press: ? - help, Dir - move target The momentum dissipates harmlessly.
Something hits you but does no damage.
Casting: Momentum Strike (safe; 7% risk of failure)
Confirm with . or Enter, or press ? or * to list all spells.
Aiming: Momentum Strike (safe; 7% risk of failure)
Press: ? - help, Dir - move target You miscast Momentum Strike.
You are very lightly contaminated with residual magic.
Nothing appears to happen.
Something hits you.
* * * LOW HITPOINT WARNING * * *
Something shocks you.
* * * LOW HITPOINT WARNING * * *
You are confused.
You feel invigorated. Something hits you but does no damage.
Something hits you.
* * * LOW HITPOINT WARNING * * *
Something shocks you.
* * * LOW HITPOINT WARNING * * *
You bump into the rock wall.
Something hits you.
* * * LOW HITPOINT WARNING * * *
Something shocks you.
You die...

...†.......## ............#
............##
...........>.## #
..............## ######.#
...#...........####......#
.##.##......##..##.......##
##.8.##...#####..{........#
###.####.## #.@#.........
#. #..##......... .#
#..###.....##. . #..##
#..#### #.. #### ..# #..
..#


There were no monsters in sight!

Vanquished Creatures
  Sigmund (D:3)
  3 jellies (D:2)
  An iron imp (D:3)
  Natasha (D:2)
  4 gnolls
  4 adders
  A worm (D:3)
  3 dart slugs
  5 bats
  13 endoplasms
  2 giant cockroaches
  15 goblins
  6 hobgoblins
  3 jackals (D:2)
  2 quokkas
  3 ball pythons
  4 frilled lizards
  12 kobolds
  7 rats
90 creatures vanquished.

Vanquished Creatures (collateral kills)
  An adder (D:4)
1 creature vanquished.

Vanquished Creatures (others)
  A fungus (D:2)
  10 toadstools (D:2)
11 creatures vanquished.

Grand Total: 102 creatures vanquished

Notes
Turn   | Place    | Note
-------+----------+-------------------------------------------
     0 | D:1      | Strat the Gnoll Reaver began the quest for the Orb.
     0 | D:1      | Reached XP level 1. HP: 20/20 MP: 6/6
   289 | D:1      | Reached XP level 2. HP: 26/26 MP: 7/7
   292 | D:1      | Learned a level 2 spell: Momentum Strike
  1078 | D:2      | Reached skill level 5 in Spellcasting
  1078 | D:2      | Reached XP level 3. HP: 31/31 MP: 5/9
  1286 | D:2      | Reached skill level 1 in Invocations
  1375 | D:2      | Reached skill level 1 in Short Blades
  1375 | D:2      | Reached skill level 1 in Long Blades
  1375 | D:2      | Reached skill level 1 in Axes
  1375 | D:2      | Reached skill level 1 in Polearms
  1375 | D:2      | Reached skill level 1 in Staves
  1375 | D:2      | Reached skill level 1 in Ranged Weapons
  1375 | D:2      | Reached skill level 1 in Throwing
  1375 | D:2      | Reached skill level 1 in Armour
  1375 | D:2      | Reached skill level 1 in Stealth
  1375 | D:2      | Reached skill level 1 in Shields
  1375 | D:2      | Reached skill level 1 in Unarmed Combat
  1375 | D:2      | Reached skill level 1 in Evocations
  1616 | D:2      | Reached XP level 4. HP: 33/34 MP: 8/11
  1657 | D:2      | Reached skill level 1 in Hexes
  1657 | D:2      | Reached skill level 1 in Summonings
  1657 | D:2      | Reached skill level 1 in Necromancy
  1657 | D:2      | Reached skill level 1 in Translocations
  1657 | D:2      | Reached skill level 1 in Transmutations
  1657 | D:2      | Reached skill level 1 in Fire Magic
  1657 | D:2      | Reached skill level 1 in Ice Magic
  1657 | D:2      | Reached skill level 1 in Air Magic
  1657 | D:2      | Reached skill level 1 in Earth Magic
  1657 | D:2      | Reached skill level 1 in Poison Magic
  1906 | D:2      | Noticed Natasha
  1924 | D:2      | Killed Natasha
  1925 | D:2      | Reached XP level 5. HP: 37/43 MP: 9/12
  2316 | D:2      | Reached XP level 6. HP: 50/50 MP: 10/13
  2680 | D:3      | Found a snail-covered altar of Cheibriados.
  2693 | D:3      | Reached skill level 5 in Fighting
  2693 | D:3      | Reached skill level 5 in Dodging
  2828 | D:3      | Noticed Sigmund
  2844 | D:3      | Killed Sigmund
  2845 | D:3      | Reached skill level 7 in Maces & Flails
  2845 | D:3      | Reached XP level 7. HP: 49/56 MP: 11/15
  2920 | D:3      | Found a basalt altar of Yredelemnul.
  3451 | D:4      | HP: 1/48 [something (4)]
  3454 | D:4      | Slain by a sky beast

Illustrated notes

Levels and vault maps discovered:
D:1:      noname_arrival_rooms_in_the_neighbourhood, layout_loops_corners,
          hangedman_glass_teeth, minivault_19
D:2:      cheibrodos_fertilizer, layout_basic, uniq_natasha
D:3:      layout_loops_ring, nicolae_overflow_crystal_walls, chei_slow_surprise,
          uniq_sigmund, uniq_robin
D:4:      layout_cave_pods, mainiacjoe_overflow_alcove_2, kennysheep_little_box,
          grunt_decor_mini_mirrors, nicolae_titane, uniq_grinder,
          uniq_blork_the_orc

Skill      XL: |  1  2  3  4  5  6  7 |
---------------+----------------------+-----
Spellcasting   | 5 |  5.6
Invocations    | 1 2 |  2.6
Short Blades   | 1 2 |  2.4
Long Blades    | 1 2 |  2.4
Axes           | 1 2 |  2.4
Polearms       | 1 2 |  2.4
Staves         | 1 2 |  2.4
Ranged Weapons | 1 2 |  2.4
Throwing       | 1 2 |  2.4
Armour         | 1 2 |  2.4
Stealth        | 1 2 |  2.4
Shields        | 1 2 |  2.4
Unarmed Combat | 1 2 |  2.4
Evocations     | 1 2 |  2.4
Hexes          | 1 2 |  2.0
Summonings     | 1 2 |  2.0
Necromancy     | 1 2 |  2.0
Translocations | 1 2 |  2.0
Transmutations | 1 2 |  2.0
Fire Magic     | 1 2 |  2.0
Ice Magic      | 1 2 |  2.0
Air Magic      | 1 2 |  2.0
Earth Magic    | 1 2 |  2.0
Poison Magic   | 1 2 |  2.0
Fighting       | 5 |  5.2
Dodging        | 5 |  5.2
Maces & Flails | 7 |  7.0
Conjurations   | |  5.8

Action                     |  1- 3 |  4- 6 |  7- 9 || total
---------------------------+-------+-------+-------++-------
  Melee: Mace              |    70 |       |       ||    70
         Bite              |     6 |    10 |     8 ||    24
         Punch             |     4 |       |     1 ||     5
         Flail             |       |    93 |    56 ||   149
   Cast: Momentum Strike   |     9 |     9 |     5 ||    23
         Kiss of Death     |     1 |     1 |     1 ||     3
    Use: Scroll            |       |       |    10 ||    10
         Potion            |       |       |     2 ||     2
   Stab: Sleeping          |     1 |       |       ||     1
 Armour: Leather armour    |    25 |     4 |     8 ||    37
  Dodge: Dodged            |    61 |    32 |    22 ||   115
  Block: Other             |       |    27 |     8 ||    35
         Reflection        |       |     1 |       ||     1

Table legend: (Time is in decaauts)
 A = Elapsed time spent in this place.
 B = Non-inter-level travel time spent in this place.
 C = Inter-level travel time spent in this place.
 D = Time resting spent in this place.
 E = Time spent auto-exploring this place.
 F = Levels seen in this place.
 G = Mean time per level.
                   A        B        C        D        E       F      G
               +--------+--------+--------+--------+--------+-----+--------+
         Total |   3469 |   3417 |     52 |    448 |   2163 |   4 |  867.2 |
       Dungeon |   3469 |   3417 |     52 |    448 |   2163 |   4 |  867.2 |
               +--------+--------+--------+--------+--------+-----+--------+

Top non-repeatable levels by time:
     D:2: 1372 daAuts
     D:1: 1079 daAuts
     D:3: 844 daAuts
     D:4: 172 daAuts
